 Dungeon Sprint DCSS version 0.32-a0-401-g0bcb2a7693 (webtiles) character file.

Game seed: 13307747664439631992

296 Conn the Sneak (level 6, -4/42 HPs)
             Began as an Octopode Fire Elementalist on Feb 20, 2024.
             Was a Follower of Sif Muna.
             Killed from afar by a steam dragon (17 damage)
             ... with a ball of steam
             ... in the Dungeon (Sprint V: "Ziggurat Sprint").
             The game lasted 00:03:20 (236 turns).

Conn the Sneak (Octopode Fire Elementalist)          Turns: 236, Time: 00:03:25

Health: -4/42      AC:  1    Str: 19    XL:     6   Next: 34%
Magic:  19/19      EV: 10    Int: 37    God:    Sif Muna [*.....]
Gold:   0          SH: 29    Dex: 25    Spells: 14/15 levels left

rFire   . . .        z - +6 Majin-Bo {spellvamp, MP+6 Int+6}
rCold   . . .        B - +18 shield of the Gong {Loud rN+ Will+ rCorr EV-5}
rNeg    + . .        (helmet restricted)
rPois   .            (no amulet)
rElec   .            q - +6 ring of dexterity
rCorr   +            r - +6 ring of dexterity
SInv    .            s - +6 ring of intelligence
Will    +....        t - +6 ring of intelligence
Stlth   +++++        u - +6 ring of strength
HPRegen 0.27/turn    v - +6 ring of strength
MPRegen 0.16/turn    p - ring of flight
                     (no ring)

%: no teleportation
@: frozen, flying, very slow
A: almost no armour, amphibious, 8 rings, camouflage 1, gelatinous body 1,
(nimble swimmer 1), tentacles
a: Renounce Religion, Channel Magic


You were in the Dungeon.
You worshipped Sif Muna.
Sif Muna was aware of your devotion.
You visited 1 branch

Inventory:

Hand Weapons
 z - the +6 Majin-Bo (weapon) {spellvamp, MP+6 Int+6}
   (You found it in the Dungeon)

   Int+6:     It affects your intelligence (+6).
   MP+6:      It affects your magic capacity (+6).
 A - the +27 heavy crossbow "Sniper" {heavy, Acc+∞ SInv}
   (You found it in the Dungeon)

   Acc+∞: It never misses its target.
   SInv:      It lets you see invisible.
 C - the +7 great mace "Firestarter" {flame, immolate, rFlCloud rF++}
   (You found it in the Dungeon)

   rFlCloud:  It grants immunity to clouds of flame.
   rF++:      It greatly protects you from fire.
 D - the +8 lance "Wyrmbane" {slay drac, rPois rF+ rC+ AC+3}
   (You found it in the Dungeon)

   AC+3:      It affects your AC (+3).
   rF+:       It protects you from fire.
   rC+:       It protects you from cold.
   rPois:     It protects you from poison
Armour
 B - the +18 shield of the Gong (worn) {Loud rN+ Will+ rCorr EV-5}
   (You found it in the Dungeon)

   Loud:      It is deafeningly noisy when blocking attacks.
   EV-5:      It affects your evasion (-5).
   rN+:       It protects you from negative energy.
   Will+:     It increases your willpower.
   rCorr:     It protects you from acid and corrosion.
Jewellery
 p - a ring of flight (on tentacle)
 q - a +6 ring of dexterity (left tentacle)
 r - a +6 ring of dexterity (right tentacle)
 s - a +6 ring of intelligence (on tentacle)
 t - a +6 ring of intelligence (on tentacle)
 u - a +6 ring of strength (on tentacle)
 v - a +6 ring of strength (on tentacle)
Wands
 w - a wand of mindburst (7)
 x - a wand of iceblast (3)
 y - a wand of light (7)
 E - a wand of flame (2)
Scrolls
 f - 4 scrolls of blinking
 l - 4 scrolls of amnesia
 m - 7 scrolls of fog
 n - 5 scrolls of identify
 o - 2 scrolls of fear
Potions
 a - 8 potions of magic
 b - 10 potions of curing
 c - 10 potions of heal wounds
 d - 6 potions of haste
 e - 3 potions of berserk rage
 g - 2 potions of brilliance
 h - 2 potions of invisibility
 i - 4 potions of resistance
 j - a potion of experience
 k - 5 potions of might
Miscellaneous
 F - a phial of floods
 G - a phantom mirror
 H - a lightning rod (4/4)


   Skills:
 + Level 3.4 Fighting
 + Level 3.4 Maces & Flails
 + Level 4.2 Dodging
 + Level 6.4 Stealth
 * Level 4.7 Shields
 * Level 5.0 Spellcasting
 * Level 4.9 Conjurations
 + Level 5.1 Fire Magic
 + Level 3.5 Invocations


You had 14 spell levels left.
You knew the following spells:

 Your Spells              Type           Power      Damage    Failure   Level
a - Foxfire               Conj/Fire      100%       2x1d9     1%          1

Your spell library contained the following spells:

 Spells                   Type           Power      Damage    Failure   Level
 Scorch                   Fire           94%        2d8       1%          2
 Inner Flame              Hex/Fire       28%        N/A       9%          3
 Volatile Blastmotes      Fire/Tloc      56%        2d14      9%          3
 Flame Wave               Conj/Fire      46%        2d12      11%         4


Dungeon Overview and Level Annotations

Branches:
Dungeon (1/1)

Altars:
Ashenzari
Cheibriados
Dithmenos
Elyvilon
Fedhas
Gozag
Hepliaklqana
Kikubaaqudgha
Makhleb
Nemelex Xobeh
Okawaru
Qazlal
Ru
Sif Muna
Trog
Uskayaw
Vehumet
Wu Jian
Xom
Yredelemnul
Zin
The Shining One
Beogh
Jiyva
Lugonu

Annotations:
D 1 transporter


Innate Abilities, Weirdness & Mutations

You cannot wear most types of armour.
You are amphibious.
You can wear up to eight rings at the same time.
Your skin changes colour to match your surroundings (Stealth+).
Your rubbery body absorbs attacks. (AC +1, EV +1)
((You are camouflaged when in or above water. (Stealth+)))
You have tentacles for arms and can constrict up to eight enemies at once.


Message History

s - a +6 ring of intelligence (on tentacle)
You feel clever.
t - a +6 ring of intelligence (on tentacle)
You feel stronger.
u - a +6 ring of strength (on tentacle)
You feel stronger.
v - a +6 ring of strength (on tentacle)
You fly up into the air.
p - a ring of flight (on tentacle)
There is a transporter here.
Welcome to arena 3.
You enter the transporter and appear at another place. 2 steam dragons and 2 rime drakes come into view.
The steam dragon hisses angrily.
Found four items.
Found a transporter.
Casting: Foxfire (safe; 1% risk of failure)
Confirm with . or Enter, or press ? or * to list all spells.
Okay, then.
Unknown command.
Unknown command.
Aiming: Iceblast
Press: ? - help, Shift-Dir - straight line, f - steam dragon
Aim: a steam dragon The mass of ice explodes!
The iceblast engulfs the steam dragon!
The steam dragon is heavily wounded.
The iceblast engulfs the rime drake.
The rime drake partially resists.
The rime drake is lightly wounded.
The iceblast engulfs the steam dragon!
The steam dragon is heavily wounded.
The steam dragon hisses angrily.
The iceblast engulfs the rime drake!
The rime drake partially resists.
The rime drake is moderately wounded.
The rime drake hisses angrily.
The rime drake breathes ice at you. The icy flash freeze hits you!!
Ouch! That really hurt!
You are encased in ice.
The steam dragon breathes steam at you. The ball of steam hits you!
You die...

▓▓▓▓▓▓▓▓▓▓▓▓▓▓▓▓▓▓▓
▓.ß©ß.▓.ß©ß.▓.ß©ß.▓
▓.%D[.▓.....▓.....▓
▓..Dkk▓.....▓...[.▓
▓.....▓..†..▓.....▓
▓..§..▓..†..▓.....▓
▓..§..▓.....▓..©..▓
▓..@..▓..©..▓▓▓▓▓▓▓
▓▓▓▓▓▓▓▓▓▓▓▓▓


You could see 2 rime drakes.

Vanquished Creatures
  A yak (D)
  A wolf (D)
  A bullfrog (D)
  2 endoplasms (D)
5 creatures vanquished.

Vanquished Creatures (others)
  10 foxfires (D)
10 creatures vanquished.

Grand Total: 15 creatures vanquished

Notes
Turn   | Place    | Note
-------+----------+-------------------------------------------
     0 | D        | Conn the Octopode Fire Elementalist began the quest for the
                  | Orb.
     0 | D        | Reached XP level 1. HP: 11/11 MP: 3/3
     0 | D        | Found a blossoming altar of Fedhas.
     0 | D        | Found the +6 Majin-Bo {spellvamp, MP+6 Int+6}
     0 | D        | Found the +27 heavy crossbow "Sniper" {heavy, Acc+∞ SInv}
     0 | D        | Found the +10 dark maul {heavy}
     0 | D        | Found the +15 Maxwell's patent armour {-Cast -Tele rElec
                  | Will+ rCorr}
     0 | D        | Found the +18 shield of the Gong {Loud rN+ Will+ rCorr
                  | EV-5}
     0 | D        | Found the +16 obsidian axe {drain, demonic, Mesm ^Drain Fly
                  | SInv}
     0 | D        | Found the +7 great mace "Firestarter" {flame, immolate,
                  | rFlCloud rF++}
     0 | D        | Found the +6 shillelagh "Devastator" {shatter}
     0 | D        | Found the +11 plutonium sword {^Contam Stlth-}
     0 | D        | Found the +8 lance "Wyrmbane" {slay drac, rPois rF+ rC+
                  | AC+3}
     0 | D        | Found the +9 sword of Zonguldrok {reap}
     0 | D        | Found the +13 scythe of Curses {drain, curses, ^Drain}
     0 | D        | Found the +9 sword of Power {lifebolt}
     0 | D        | Found the +7 mace of Variability {chaos, chaos arc}
     0 | D        | Found the +11 Singing Sword {sonic wave}
     0 | D        | Found the +8 storm bow {elec, penet}
     1 | D        | Found a transporter.
     1 | D        | Found a viscous altar of Jiyva.
     1 | D        | Found an ancient bone altar of Kikubaaqudgha.
     1 | D        | Found a hazy altar of Hepliaklqana.
     1 | D        | Found a corrupted altar of Lugonu.
     1 | D        | Found an opulent altar of Gozag.
     1 | D        | Found a burning altar of Makhleb.
    19 | D        | Found a shimmering blue altar of Sif Muna.
    19 | D        | Found a bloodstained altar of Trog.
    19 | D        | Found a sacrificial altar of Ru.
    19 | D        | Found a stormy altar of Qazlal.
    19 | D        | Found an iron altar of Okawaru.
    20 | D        | Found a sparkling altar of Nemelex Xobeh.
    52 | D        | Became a worshipper of Sif Muna the Loreminder
   121 | D        | Entered arena 2.
   121 | D        | Found a transporter.
   126 | D        | Reached skill level 3 in Stealth
   150 | D        | Entered arena 3.
   150 | D        | Noticed a wolf
   150 | D        | Noticed a bullfrog
   150 | D        | Noticed a yak
   150 | D        | Found a transporter.
   152 | D        | Killed a bullfrog
   152 | D        | Reached * piety under Sif Muna
   153 | D        | Reached skill level 1 in Fighting
   153 | D        | Reached skill level 1 in Maces & Flails
   153 | D        | Reached skill level 4 in Stealth
   153 | D        | Reached skill level 1 in Invocations
   153 | D        | Reached XP level 2. HP: 19/19 MP: 6/6
   153 | D        | Reached XP level 3. HP: 24/24 MP: 7/7
   153 | D        | Reached XP level 4. HP: 29/29 MP: 9/9
   153 | D        | Killed a wolf
   154 | D        | Reached skill level 5 in Stealth
   154 | D        | Reached XP level 5. HP: 35/35 MP: 11/11
   156 | D        | Killed a yak
   157 | D        | Reached skill level 6 in Stealth
   157 | D        | Reached skill level 5 in Spellcasting
   157 | D        | Reached skill level 5 in Fire Magic
   157 | D        | Reached XP level 6. HP: 42/42 MP: 8/13
   235 | D        | Entered arena 4.
   235 | D        | Noticed a steam dragon
   235 | D        | Noticed a steam dragon
   235 | D        | Noticed a rime drake
   235 | D        | Noticed a rime drake
   235 | D        | Found a transporter.
   236 | D        | Killed from afar by a steam dragon

Illustrated notes

Levels and vault maps discovered:
D:        sprint_v [room_start, room_1, room_2, room_3, room_4, room_5, room_6,
          room_7, room_8, room_9, room_10, room_11, room_12, room_13, room_14,
          room_15, room_16, room_17, room_18, room_19, room_20, room_21,
          room_22, room_23, room_24, room_25, room_26, room_27]

Skill      XL: |  1  2  3  4  5 |
---------------+----------------+-----
Stealth        | 4 5 6 |  6.4
Fighting       | 1 2 3 |  3.4
Maces & Flails | 1 2 3 |  3.4
Dodging        | 3 4 |  4.2
Shields        | 2 3 4 |  4.7
Spellcasting   | 3 4 5 |  5.0
Conjurations   | 2 3 4 |  4.9
Fire Magic     | 4 5 |  5.1
Invocations    | 1 2 3 |  3.5

Action                     |  1- 3 |  4- 6 || total
---------------------------+-------+-------++-------
  Melee: Bo                |     1 |       ||     1
   Cast: Foxfire           |     3 |     3 ||     6
  Evoke: Wand              |     2 |     2 ||     4
 Armour: Skin              |       |     2 ||     2

Table legend: (Time is in decaauts)
 A = Elapsed time spent in this place.
 B = Non-inter-level travel time spent in this place.
 C = Inter-level travel time spent in this place.
 D = Time resting spent in this place.
 E = Time spent auto-exploring this place.
 F = Levels seen in this place.
 G = Mean time per level.
                   A        B        C        D        E       F      G
               +--------+--------+--------+--------+--------+-----+--------+
         Total |    232 |    232 |      0 |    118 |      0 |   1 |  232.0 |
       Dungeon |    232 |    232 |      0 |    118 |      0 |   1 |  232.0 |
               +--------+--------+--------+--------+--------+-----+--------+

Top non-repeatable levels by time:
       D: 232 daAuts
